 Dungeon Crawl Stone Soup version 0.24-a0-235-g3f03afc (webtiles) character file.

Game seed: 43982800339460568

17864 Azzok the Arsonist (level 12, -18/66 HPs)
             Began as an Octopode Fire Elementalist on Apr 6, 2019.
             Was an Elder of Vehumet.
             Demolished by a polar bear simulacrum (30 damage)
             ... on level 3 of the Lair of Beasts.
             The game lasted 00:29:50 (17972 turns).

Azzok the Arsonist (Octopode Fire Elementalist)    Turns: 17972, Time: 00:29:51

Health: -18/66     AC:  2    Str:  8    XL:     12   Next: 52%
Magic:  35/41      EV: 11    Int: 21    God:    Vehumet [****..]
Gold:   1062       SH:  8    Dex: 13    Spells: 18/31 levels left

rFire    + . .     SeeInvis +   w - staff of power
rCold    x . .     Gourm    .   t - +0 shield
rNeg     . . .     Faith    .   (helmet restricted)
rPois    .         Spirit   .   D - amulet of regeneration
rElec    .         Reflect  .   e - ring of fire
rCorr    .         Harm     .   r - +1 ring of protection
MR       .....                  p - ring of wizardry
Stlth    +++.......             B - ring of wizardry
HPRegen  0.61/turn              J - ring of see invisible
MPRegen  0.27/turn              (no ring)
                                (no ring)
                                (no ring)

@: studying Dodging
A: almost no armour, stealthy swim, amphibious, 8 rings, constrict 8, camouflage
1, gelatinous body 1
a: Renounce Religion


You were on level 3 of the Lair of Beasts.
You worshipped Vehumet.
Vehumet was greatly pleased with you.
You were hungry.

You visited 3 branches of the dungeon, and saw 16 of its levels.
You also visited: Ice Cave.

You collected 1062 gold pieces.

Inventory:

Missiles
 u - a throwing net (quivered)
Armour
 c - a +0 buckler
 t - a +0 shield (worn)
Magical Staves
 w - an uncursed staff of power (weapon)
 O - an uncursed staff of wizardry
Jewellery
 e - a ring of fire (left tentacle)
 p - a ring of wizardry (on tentacle)
 r - a +1 ring of protection (right tentacle)
 B - a ring of wizardry (on tentacle)
 D - an amulet of regeneration (around mantle)
 J - a ring of see invisible (on tentacle)
Wands
 l - a wand of acid (17)
 x - a wand of enslavement (9)
 y - a wand of flame (21)
 z - a wand of disintegration (13)
 A - a wand of scattershot (8)
 C - a wand of polymorph (7)
 M - a wand of iceblast (9)
Scrolls
 d - 11 scrolls of remove curse
 f - 2 scrolls of fear {unknown}
 i - 3 scrolls of amnesia {unknown}
 j - 6 scrolls of magic mapping
 k - 11 scrolls of teleportation
 m - 4 scrolls of enchant armour
 n - 2 scrolls of fog
 v - a scroll of vulnerability {unknown}
 E - 3 scrolls of summoning {unknown}
 G - a scroll of holy word {unknown}
 K - a scroll of brand weapon {unknown}
 N - 2 scrolls of identify
 R - a scroll of torment {unknown}
Potions
 a - 2 potions of curing
 g - 2 potions of berserk rage
 h - a potion of heal wounds
 o - a potion of degeneration {unknown}
 q - a potion of haste
 s - 5 potions of lignification
 F - 2 potions of flight
 H - 2 potions of brilliance {unknown}
 I - a potion of might {unknown}
 P - a potion of cancellation {unknown}
Books
 L - a manual of Dodging
Comestibles
 b - 20 rations
 Q - a chunk of flesh


   Skills:
 - Level 2.0 Dodging
 - Level 2.6 Stealth
 - Level 4.2 Shields
 + Level 10.1 Spellcasting
 + Level 10.7 Conjurations
 + Level 11.1 Fire Magic
 + Level 7.3 Evocations


You had 18 spell levels left.
You knew the following spells:

 Your Spells              Type           Power        Failure   Level  Hunger
a - Flame Tongue          Conj/Fire      #####        1%          1    None
b - Conjure Flame         Conj/Fire      ######..     1%          3    None
c - Sticky Flame          Conj/Fire      ######..     1%          4    ##.....
d - Fireball              Conj/Fire      ######....   1%          5    ####...

Your spell library contained the following spells:

 Spells                   Type           Power        Failure   Level  Hunger
 Mephitic Cloud           Conj/Pois/Air  ####....     2%          3    None
 Throw Flame              Conj/Fire      ######       1%          2    None
 Dazzling Spray           Conj/Hex       ####..       1%          3    None
 Inner Flame              Hex/Fire       ######..     1%          3    None
 Animate Skeleton         Necr           N/A          7%          1    None
 Corona                   Hex            ##.....      7%          1    None
 Pain                     Necr           ##..         7%          1    None
 Summon Small Mammal      Summ           ##..         7%          1    None
 Call Imp                 Summ           ##......     11%         2    None
 Ensorcelled Hibernation  Hex/Ice        ##....       11%         2    None
 Call Canine Familiar     Summ           ##......     19%         3    None
 Confuse                  Hex            ##......     19%         3    None
 Regeneration             Chrm/Necr      ##........   19%         3    None
 Summon Guardian Golem    Hex/Summ       ##......     19%         3    None
 Tukima's Dance           Hex            ##......     19%         3    None
 Vampiric Draining        Necr           ##........   19%         3    None
 Animate Dead             Necr           N/A          50%         4    ##.....
 Summon Ice Beast         Ice/Summ       ##......     50%         4    ##.....
 Summon Lightning Spire   Summ/Air       ##......     50%         4    ##.....


Dungeon Overview and Level Annotations

Branches:
Dungeon (11/15)            Temple (1/1) D:4            Lair (4/6) D:10
  Swamp (0/4) Lair:3          Orc (0/2) D:10
  Snake: Lair:2-4    Spider: Lair:2-4

Altars:
Ashenzari
Cheibriados
Dithmenos
Elyvilon
Fedhas
Gozag
Hepliaklqana
Kikubaaqudgha
Makhleb
Nemelex Xobeh
Okawaru
Qazlal
Ru
Sif Muna
Trog
Uskayaw
Vehumet
Wu Jian
Xom
Yredelemnul
Zin
The Shining One

Shops:
D:8 *

Portals:
Trove: D:11 (give 2 scrolls of acquirement)

Annotations:
D:6 1 runed translucent door, SaintRoka's ghost, novice GnWr


Innate Abilities, Weirdness & Mutations

You cannot wear most types of armour.
You are very stealthy in the water. (Stealth+)
You are amphibious.
You can wear up to eight rings at the same time.
You can use your tentacles to constrict eight enemies at once.
Your skin changes colour to match your surroundings (Stealth+).
Your rubbery body absorbs attacks. (AC +1, EV +1)


Message History

You feel a surge of power!
The flame tongue hits the polar bear simulacrum.
The polar bear simulacrum is severely damaged.
Casting: Flame Tongue (safe; 1% risk of failure)
Confirm with . or Enter, or press ? or * to list all spells.
Aiming: Flame Tongue (safe; 1% risk of failure)
Press: ? - help, Shift-Dir - straight line, f/p - polar bear simulacrum
Aim: a polar bear simulacrum (severely damaged)
You feel a surge of power!
The flame tongue hits the polar bear simulacrum.
The polar bear simulacrum melts!
The polar bear simulacrum is severely damaged.
The polar bear simulacrum bites you! The polar bear simulacrum freezes you!
You feel a terrible chill!
* * * LOW HITPOINT WARNING * * *
You block the polar bear simulacrum's attack.
The polar bear simulacrum claws you.
* * * LOW HITPOINT WARNING * * *
The polar bear simulacrum freezes you!!
You feel a terrible chill!
You die...

▒▒·▒▒▒▒▒▒▒▒·······▒▒▒·······
▒··▒$▒····▒···▒▒··▒▒▒▒····▒·
▒P·▒(▒····▒··▒▒▒▒▒▒·▒······▒
▒··▒······▒·▒▒ ▒▒··▒▒······▒
▒▒·▒·····)▒·▒▒ ▒············
▒▒·▒▒'▒▒▒'▒··▒ ▒······▒▒·▒··
▒▒··▒·· ▒·····▒
▒···▒P▒▒▒▒▒·· ▒···▒·Z
▒·PZZ·▒ ▒▒·▒▒▒▒ ▒▒···
▒···▒·Z ▒·⌠·@·▒
▒··▒▒▒▒▒▒··▒▒
▒▒··▒▒▒▒▒·P···▒
▒···▒·▒·▒·▒▒▒
▒············▒▒▒▒▒····▒··▒▒
▒·P··▒▒▒P····P▒ ▒·········▒
▒·············▒▒▒▒▒·P··▒▒▒▒
▒▒·▒▒▒▒▒▒▒·····▒▒ ▒▒▒▒·▒ ▒▒▒
▒····▒·▒▒▒▒ ▒▒▒▒
▒▒······▒▒·▒▒▒▒·▒▒
▒········<····▒··▒


You could see a wolf simulacrum and a polar bear simulacrum.

Vanquished Creatures
  A centaur warrior (D:10)
  3 two-headed ogres
  Pikel (D:9)
  A necromancer (Lair:3)
  2 ugly things (IceCv)
  2 spiny frogs (Lair:2)
  3 ice statues (IceCv)
  2 rime drakes (Lair:2)
  A komodo dragon (Lair:3)
  2 tyrant leeches (Lair:3)
  A polar bear (Lair:2)
  2 hippogriffs (Lair:2)
  A meliai zombie (D:11)
  3 spriggans
  A vampire (D:11)
  2 hungry ghosts
  15 yaks
  A swamp worm (Lair:3)
  3 water moccasins
  6 porcupines
  4 orc warriors
  8 ice beasts
  A hornet zombie (D:11)
  An eye of draining (D:9)
  3 sky beasts
  A black bear (D:6)
  5 ogres
  3 phantoms
  3 wolves (Lair:2)
  A centaur (D:11)
  A necrophage (D:11)
  4 crocodiles
  2 big kobolds
  9 bullfrogs
  A wyvern zombie (D:11)
  5 scorpions
  5 killer bees (D:8)
  5 howler monkeys
  A crimson imp (D:9)
  2 centaur zombies
  7 orc priests
  7 hounds
  4 jellies
  2 bullfrog skeletons
  A centaur skeleton (D:11)
  5 iguanas
  10 orc wizards
  10 worker ants
  4 wolf simulacra (Lair:3)
  A hound zombie (D:9)
  2 worker ant zombies (D:6)
  11 gnolls
  8 adders
  A shadow imp (D:7)
  An ooze (D:2)
  A worm (D:2)
  3 dart slugs
  3 leopard geckos
  42 orcs
  11 bats
  4 giant cockroaches
  7 goblins
  6 hobgoblins
  9 jackals
  7 quokkas
  2 ball pythons
  5 frilled lizards
  A giant cockroach zombie (D:6)
  A jackal skeleton (D:4)
  20 kobolds
  A leopard gecko skeleton (D:4)
  A leopard gecko zombie (D:7)
  10 rats
  3 river rat simulacra (Lair:3)
  A fungus (D:10)
  A plant (D:10)
331 creatures vanquished.

Vanquished Creatures (others)
  2 slaves (D:9)
  An orc (D:9)
  2 jackals (D:9)
  11 fungi
  5 plants (D:10)
  3 toadstools (D:8)
24 creatures vanquished.

Grand Total: 355 creatures vanquished

Notes
Turn   | Place    | Note
-------+----------+-------------------------------------------
     0 | D:1      | Azzok the Octopode Fire Elementalist began the quest for
                  | the Orb.
     0 | D:1      | Reached XP level 1. HP: 11/11 MP: 3/3
    82 | D:1      | Reached XP level 2. HP: 9/17 MP: 0/5
  1090 | D:1      | Reached XP level 3. HP: 21/21 MP: 2/6
  1095 | D:1      | Learned a level 3 spell: Conjure Flame
  1710 | D:2      | Reached XP level 4. HP: 18/27 MP: 4/8
  1886 | D:2      | Learned a level 4 spell: Sticky Flame
  2341 | D:3      | Found a stormy altar of Qazlal.
  2620 | D:3      | Found a white marble altar of Elyvilon.
  2717 | D:3      | Reached skill level 4 in Fire Magic
  2947 | D:3      | Reached XP level 5. HP: 31/31 MP: 7/9
  3678 | D:4      | Found a staircase to the Ecumenical Temple.
  3719 | Temple   | Entered the Ecumenical Temple
  3848 | D:4      | Reached XP level 6. HP: 36/36 MP: 4/11
  4495 | D:4      | Found a radiant altar of Vehumet.
  4518 | D:4      | Became a worshipper of Vehumet
  4619 | D:4      | You fall through a shaft!
  4619 | D:5      | Entered Level 5 of the Dungeon
  4619 | D:5      | Found a basalt altar of Yredelemnul.
  4619 | D:5      | Found a sparkling altar of Nemelex Xobeh.
  4693 | D:6      | Noticed a black bear
  4700 | D:6      | Killed a black bear
  4700 | D:6      | Reached skill level 5 in Fire Magic
  4700 | D:6      | Reached XP level 7. HP: 41/41 MP: 4/13
  5369 | D:5      | Reached skill level 5 in Spellcasting
  5369 | D:5      | Reached skill level 5 in Conjurations
  5369 | D:5      | Reached XP level 8. HP: 45/46 MP: 6/15
  5610 | D:4      | Learned a level 5 spell: Fireball
  5793 | D:4      | Reached skill level 6 in Fire Magic
  6293 | D:5      | Found a sacrificial altar of Ru.
  6751 | D:5      | Found a deep blue altar of Sif Muna.
  8229 | D:6      | Found a runed translucent door.
  8229 | D:6      | Found a shimmering altar of Xom.
  8229 | D:6      | Noticed SaintRoka's ghost (novice GnWr)
  8229 | D:6      | Noticed a +2 falchion of chaos
  8540 | D:7      | Reached skill level 7 in Fire Magic
  8659 | D:7      | Found a hide-covered altar of Uskayaw.
  8665 | D:7      | Found a glowing silver altar of Zin.
  8665 | D:7      | Found a hazy altar of Hepliaklqana.
  8789 | D:7      | Reached XP level 9. HP: 51/51 MP: 10/18
  8798 | D:7      | Reached * piety under Vehumet
  8798 | D:7      | Offered knowledge of Shock by Vehumet.
  9149 | D:7      | Found an ancient bone altar of Kikubaaqudgha.
  9572 | D:8      | Reached skill level 1 in Shields
  9848 | D:8      | You fall through a shaft for 3 floors!
 10047 | D:11     | Offered knowledge of Magic Dart by Vehumet.
 10088 | D:11     | Reached ** piety under Vehumet
 10099 | D:11     | Reached skill level 8 in Fire Magic
 10310 | D:10     | Entered Level 10 of the Dungeon
 10393 | D:10     | Found a staircase to the Orcish Mines.
 10504 | D:9      | Reached XP level 10. HP: 56/56 MP: 17/20
 10597 | D:9      | Offered knowledge of Searing Ray by Vehumet.
 10768 | D:9      | Noticed Pikel
 10773 | D:9      | Killed Pikel
 11007 | D:9      | Noticed a two-headed ogre
 11013 | D:9      | Killed a two-headed ogre
 11112 | D:9      | Reached skill level 9 in Fire Magic
 11203 | D:9      | Reached *** piety under Vehumet
 11294 | D:9      | Reached skill level 1 in Evocations
 12163 | D:8      | Reached XP level 11. HP: 52/61 MP: 23/23
 12215 | D:8      | Offered knowledge of Olgreb's Toxic Radiance by Vehumet.
 12221 | D:8      | Identified the +1 ring mail of the Garden {*Corrode rElec
                  | Stlth+}
 12566 | D:8      | Found Soykly's Superlative Supplies.
 12743 | D:10     | Noticed a two-headed ogre
 12745 | D:10     | Noticed a centaur warrior
 12757 | D:9      | Killed a two-headed ogre
 13089 | D:10     | Killed a centaur warrior
 13129 | D:10     | Reached skill level 10 in Fire Magic
 13410 | D:10     | Reached **** piety under Vehumet
 13623 | D:10     | Found a staircase to the Lair.
 13846 | D:11     | Found a portal to a secret trove of treasure.
 14002 | D:11     | Noticed a two-headed ogre
 14006 | D:11     | Killed a two-headed ogre
 14006 | D:11     | Reached skill level 5 in Evocations
 14347 | D:11     | Offered knowledge of Mephitic Cloud by Vehumet.
 14994 | Lair:1   | Entered Level 1 of the Lair of Beasts
 15482 | Lair:1   | Reached skill level 10 in Conjurations
 15910 | Lair:2   | Found a frozen archway.
 15920 | IceCv    | Entered an ice cave
 15921 | IceCv    | Reached XP level 12. HP: 66/66 MP: 25/25
 16850 | Lair:2   | Reached skill level 11 in Fire Magic
 16850 | Lair:2   | Reached skill level 10 in Spellcasting
 16932 | Lair:2   | You fall through a shaft for 2 floors!
 17275 | Lair:3   | Found a staircase to the Swamp.
 17972 | Lair:3   | Demolished by a polar bear simulacrum

Levels and vault maps discovered:
D:1:      minmay_arrival_checkered_box, layout_loops_ring, feat_on_display
D:2:      layout_basic, first_ration
D:3:      layout_basic, grunt_qazlal_clouds, lemuel_crystal_altar, minivault_26,
          minivault_19
D:4:      minmay_skewed_foursquare, layout_basic, lemuel_doored_altar,
          minmay_temple_entry_grid, serial_glass, glass_columns_a,
          glass_columns_c, item_on_display_a, due_unseen_surprise,
          feat_on_display
D:5:      layout_layer_cave, overflow_temple_1_default, kennysheep_mini,
          nicolae_overflow_hidden_temple, minmay_misc_feat_more_columns,
          hangedman_decor_points
D:6:      layout_basic, ebering_ghost_xom
D:7:      layout_basic, gammafunk_temple_overflow_forgotten,
          lemuel_coloured_pillars_altar
D:8:      layout_basic, the_bakery, grunt_decor_one_mirror,
          minmay_gold_behind_fungi, hangedman_abyss_or_decor_stabs,
          nicolae_alphabet_shops, minmay_microvault
D:9:      layout_long_grid, uniq_pikel
D:10:     layout_cave_pools, grunt_lair_entry_orc_guard_hut, orc_0_dummy
D:11:     layout_gridville, enter_bailey_3, nicolae_trove_entry_free_sample
Temple:   jpeg_temple_clearing
Lair:1:   layout_gridlike
Lair:2:   layout_small_grid, portal_ice_cave_rime, forest_entry_grove
Lair:3:   layout_layer_cave, minmay_swamp_entry_worms, eino_house_with_fridge
Lair:4:   layout_roguey, nicolae_spider_entry_tight_spaces, lemuel_fruit_fields,
          minmay_lair_oklob_chamber, lemuel_fruit_tree
IceCv:    ice_cave_statue_garden_chambered

Skill      XL: |  1  2  3  4  5  6  7  8  9 10 11 12 |
---------------+-------------------------------------+-----
Conjurations   | 2 3 4 5 6 7 9 10 | 10.7
Spellcasting   | 3 4 5 6 7 8 9 10 | 10.1
Fire Magic     | 4 5 7 8 9 10 11 | 11.1
Shields        | 3 4 |  4.2
Evocations     | 2 6 7 |  7.3
Dodging        | |  2.0
Stealth        | |  2.6

Action                   |  1- 3 |  4- 6 |  7- 9 | 10-12 || total
-------------------------+-------+-------+-------+-------++-------
Melee: Unarmed           |    29 |     6 |     7 |       ||    42
       Constrict         |    11 |     1 |     4 |     2 ||    18
       Tentacles         |     4 |       |     1 |     3 ||     8
       Staff             |       |       |     7 |     6 ||    13
 Cast: Flame Tongue      |    49 |   107 |   216 |   135 ||   507
       Sticky Flame      |       |     3 |    26 |    37 ||    66
       Conjure Flame     |       |       |     2 |     2 ||     4
       Fireball          |       |       |    21 |   110 ||   131
  Use: Scroll            |     6 |     1 |     4 |     4 ||    15
       Potion            |       |       |       |     1 ||     1
 Stab: Sleeping          |     2 |       |       |       ||     2
  Eat: Chunk             |     3 |     9 |    16 |    31 ||    59
       Ration            |       |       |     3 |     6 ||     9
Armor: Skin              |     5 |     7 |     9 |     4 ||    25
Dodge: Dodged            |    30 |    33 |    89 |    30 ||   182
Block: Shield            |       |       |       |    15 ||    15
       Buckler           |       |       |       |     2 ||     2

Table legend:
 A = Non-vault XP
 B = Vault XP
 C = Vault XP percentage of total XP
 D = Non-vault monster count
 E = Vault monster count
 F = Vault count percentage of total count
                 A         B        C        D         E       F
            +---------+---------+-------+---------+---------+-------
      Total |   17393 |    8127 |  31.8 |     284 |      45 |  13.7
            +---------+---------+-------+---------+---------+-------
        D:1 |      39 |       0 |   0.0 |      22 |       0 |   0.0
        D:2 |      63 |       0 |   0.0 |      19 |       0 |   0.0
        D:3 |      84 |       0 |   0.0 |      26 |       0 |   0.0
        D:4 |     376 |     106 |  22.0 |      21 |       3 |  12.5
        D:5 |     450 |       0 |   0.0 |      13 |       0 |   0.0
        D:6 |    1032 |       0 |   0.0 |      22 |       0 |   0.0
        D:7 |     403 |       0 |   0.0 |      15 |       0 |   0.0
        D:8 |    1358 |     260 |  16.1 |      34 |       2 |   5.6
        D:9 |    4451 |     663 |  13.0 |      44 |       1 |   2.2
       D:10 |    2757 |     665 |  19.4 |      19 |       5 |  20.8
       D:11 |    2799 |       6 |   0.2 |      30 |       4 |  11.8
     Lair:1 |    1015 |       0 |   0.0 |       7 |       0 |   0.0
     Lair:2 |    1976 |    1801 |  47.7 |       9 |       8 |  47.1
     Lair:3 |     316 |    1497 |  82.6 |       1 |      11 |  91.7
     Lair:4 |     274 |       0 |   0.0 |       2 |       0 |   0.0
      IceCv |       0 |    3129 | 100.0 |       0 |      11 | 100.0
            +---------+---------+-------+---------+---------+-------
